 Dungeon Crawl Stone Soup version 0.29-a0-275-g389c0b56f3 (webtiles) character file.

Game seed: 8534976633014902341

695 croobank the Skirmisher (level 7, -1/63 HPs)
             Began as a Hill Orc Fighter on Mar 10, 2022.
             Was an Initiate of Beogh.
             Slain by a two-headed ogre
             ... wielding a +0 giant spiked club
              (16 damage)
             ... on level 5 of the Dungeon.
             The game lasted 00:13:44 (5597 turns).

croobank the Skirmisher (Hill Orc Fighter)          Turns: 5597, Time: 00:13:44

Health: -1/63      AC:  8    Str: 29    XL:     7   Next: 64%
Magic:  7/7        EV: 10    Int: 14    God:    Beogh [......]
Gold:   35         SH:  5    Dex: 10    Spells: 6/6 levels left

rFire   . . .      SeeInvis +   m - +5 morningstar
rCold   . . .      Faith    .   c - +0 buckler
rNeg    . . .      Spirit   .   q - +2 ring mail {Will+}
rPois   +          Reflect  .   (no helmet)
rElec   .          Harm     .   (no cloak)
rCorr   .          Rampage  .   (no gloves)
Will    ++...                   (no boots)
Stlth   ..........              (no amulet)
HPRegen 0.20/turn               i - ring "Dylus" {Will+ Str+2 Int+6 SInv}
MPRegen 0.10/turn               r - ring of Eternal Harmony {+Blink rPois Str+6}

@: no status effects
A: no striking features
a: Renounce Religion, Evoke Blink


You were on level 5 of the Dungeon.
You worshipped Beogh.
Beogh was noncommittal.
You visited 1 branch of the dungeon, and saw 5 of its levels.

You collected 165 gold pieces.
You spent 130 gold pieces at shops.

Inventory:

Hand Weapons
 a - a +1 war axe of venom
 b - a +0 hunting sling
 l - a +1 long sword of chaos
 m - a +5 morningstar (weapon)
 v - a +2 dagger of draining
 y - a +2 morningstar of holy wrath
Missiles
 g - 108 stones (quivered)
 z - 2 boomerangs
 A - 5 poisoned darts
Armour
 c - a +0 buckler (worn)
 e - a +0 plate armour
 k - a +0 kite shield
 o - a +0 scale mail
 q - a +2 ring mail of willpower (worn)
Jewellery
 i - the ring "Dylus" (left hand) {Will+ Str+2 Int+6 SInv}
   (You acquired it on level 2 of the Dungeon)

   [ring of intelligence]

   Str:       It affects your strength (+2).
   Int:       It affects your intelligence (+6).
   SInv:      It lets you see invisible.
   Will:      It increases your willpower.
 r - the ring of Eternal Harmony (right hand) {+Blink rPois Str+6}
   (You found it on level 3 of the Dungeon)

   [ring of strength]

   Str:       It affects your strength (+6).
   rPois:     It protects you from poison.
   +Blink:    It lets you blink.
Wands
 w - a wand of mindburst (2)
Scrolls
 n - a scroll of fear {unknown}
 p - a scroll of amnesia {unknown}
 t - a scroll of teleportation
 u - a scroll of silence
 B - a scroll of holy word {unknown}
Potions
 d - a potion of resistance
 f - a potion of mutation
 h - 3 potions of cancellation
 j - 2 potions of haste
 s - 2 potions of attraction
 C - a potion of curing


   Skills:
 + Level 6.1 Fighting
 + Level 5.9 Axes
 + Level 5.4 Armour
 + Level 5.5 Shields


You had 6 spell levels left.
You didn't know any spells.
Your spell library contained the following spells:

 Spells                   Type           Power      Damage    Failure   Level
 Sandblast                Erth           0%         2d4       45%         1
 Passwall                 Tmut/Erth      0%         N/A       61%         2
 Sublimation of Blood     Necr           0%         N/A       61%         2
 Stone Arrow              Conj/Erth      0%         3d7       83%         3
 Summon Guardian Golem    Hex/Summ       0%         N/A       83%         3
 Petrify                  Tmut/Erth      0%         N/A       99%         4
 Irradiate                Conj/Tmut      0%         3d13      100%        5
 Orb of Destruction       Conj           0%         9d5       100%        7
 Spellforged Servitor     Conj/Summ      0%         N/A       100%        7


Dungeon Overview and Level Annotations

Branches:
Dungeon (5/15)
 Temple: D:4-7

Altars:

Shops:
D:4 =*:?


Message History

Okay, then.
Aiming: Mindburst
Press: ? - help, Shift-Dir - straight line, f/p - two-headed ogre
Aim: a two-headed ogre, wielding a +0 giant spiked club and a +0 giant club (blind, chance to affect: 47%)
The two-headed ogre resists with some effort.
The two-headed ogre is no longer blind.
You sock the two-headed ogre!
The two-headed ogre is lightly wounded.
The two-headed ogre closely misses you. The two-headed ogre barely misses you.
You puncture the two-headed ogre!
The two-headed ogre is moderately wounded.
The two-headed ogre hits you with a +0 giant spiked club!!
The two-headed ogre barely misses you.
The two-headed ogre attacks as you move away!
You block the two-headed ogre's attack. The two-headed ogre barely misses you.
Okay, then.
Throw: 2 darts (atropa)
Press: ? - help, Q - select action, (/) - cycle Shift-Dir - straight line, f/p - two-headed ogre
Aim: a two-headed ogre, wielding a +0 giant spiked club and a +0 giant club (moderately wounded, 74% to hit, chance to blind on hit: 3%)
You throw an atropa-tipped dart.
The atropa-tipped dart hits the two-headed ogre.
The two-headed ogre resists.
The two-headed ogre is moderately wounded.
The two-headed ogre hits you with a +0 giant spiked club!
The two-headed ogre closely misses you.
Throw: dart (atropa)
Press: ? - help, Q - select action, (/) - cycle Shift-Dir - straight line, f/p - two-headed ogre
Aim: a two-headed ogre, wielding a +0 giant spiked club and a +0 giant club (moderately wounded, 74% to hit, chance to blind on hit: 3%)
You throw an atropa-tipped dart.
The atropa-tipped dart hits the two-headed ogre.
The two-headed ogre resists.
The two-headed ogre is moderately wounded.
The two-headed ogre attacks as you move away!
You block the two-headed ogre's attack.
The two-headed ogre hits you with a +0 giant club.
The two-headed ogre attacks as you move away!
The two-headed ogre hits you with a +0 giant spiked club!!
* * * LOW HITPOINT WARNING * * *
The two-headed ogre hits you with a +0 giant club!
You die...

## #. #.##
#...
.#..#####
..>.. ..#
..#.# #.#
#.#@# #.#
#.#O# #.#
#.#.# #.#
#.#.###.#
#....(..#
#...##..###
.##.####....#
. #.# #.##.#
##. #.#
#>##.#


You could see a two-headed ogre.

Vanquished Creatures
  A phantom (D:5)
  A scorpion (D:4)
  4 wights (D:4)
  A jelly (D:4)
  A hound (D:4)
  3 iguanas
  Ijyb (D:4)
  2 orc wizards (D:4)
  5 adders
  A worm (D:3)
  A dart slug (D:2)
  7 orcs
  6 bats
  5 endoplasms
  5 giant cockroaches (D:1)
  9 goblins
  4 hobgoblins
  5 jackals
  4 quokkas
  9 ball pythons
  A frilled lizard (D:3)
  4 kobolds
  8 rats
88 creatures vanquished.

Notes
Turn   | Place    | Note
-------+----------+-------------------------------------------
     0 | D:1      | croobank the Hill Orc Fighter began the quest for the Orb.
     0 | D:1      | Reached XP level 1. HP: 19/19 MP: 1/1
   170 | D:1      | Reached XP level 2. HP: 21/27 MP: 2/2
  1062 | D:1      | Reached skill level 4 in Fighting
  1247 | D:2      | Identified a scroll of acquirement
  1247 | D:2      | Acquired the ring "Dylus" {Will+ Str+2 Int+6 SInv}
  1322 | D:2      | Reached XP level 3. HP: 14/33 MP: 3/3
  2256 | D:2      | Reached XP level 4. HP: 37/40 MP: 4/4
  3115 | D:3      | Reached XP level 5. HP: 46/47 MP: 5/5
  3214 | D:3      | Identified the ring of Eternal Harmony {+Blink rPois Str+6}
  3223 | D:3      | Became a worshipper of Beogh the Brigand
  3902 | D:4      | Found Ujudgh's Book Shop.
  4120 | D:4      | Found Reajea's Magic Scroll Shop.
  4128 | D:4      | Bought a scroll of identify for 24 gold pieces
  4128 | D:4      | Bought a scroll of identify for 24 gold pieces
  4128 | D:4      | Bought a scroll of identify for 24 gold pieces
  4173 | D:4      | Reached skill level 5 in Fighting
  4173 | D:4      | Reached XP level 6. HP: 45/56 MP: 6/6
  4212 | D:4      | HP: 1/53 [wight/+1 long sword (4)]
  4219 | D:5      | Entered Level 5 of the Dungeon
  4652 | D:4      | Reached skill level 5 in Axes
  4655 | D:4      | Reached skill level 5 in Shields
  4793 | D:4      | Reached skill level 5 in Armour
  4793 | D:4      | Reached XP level 7. HP: 61/61 MP: 7/7
  4835 | D:4      | Noticed Ijyb
  4841 | D:4      | Killed Ijyb
  4972 | D:4      | Found Yzeinwoi's Assorted Antiques.
  4993 | D:4      | Bought a scroll of identify for 58 gold pieces
  5168 | D:4      | Found Kenijad's Jewellery Shop.
  5504 | D:5      | Reached skill level 6 in Fighting
  5577 | D:5      | Noticed a two-headed ogre
  5597 | D:5      | Slain by a two-headed ogre

Illustrated notes

Levels and vault maps discovered:
D:1:      lightli_iron_boxes, layout_loops_ring, serial_co_window_serial,
          co_window_paths_b, co_window_corner_a, co_window_corner_a,
          co_window_paths_b, co_window_paths_b, co_window_2corner,
          co_window_of_opportunity_b, co_window_broadway_b, co_window_cross_3,
          co_window_of_opportunity_b, glass_columns_a, glass_columns_b,
          glass_columns_b, glass_columns_b, glass_columns_b
D:2:      layout_basic, minmay_pentomino_o2
D:3:      layout_basic
D:4:      kennysheep_the_goblin_king, layout_loops_cross, serial_shops, shop,
          shop, nicolae_shop_hallway_stairs, shop, kennysheep_generic_room_15
D:5:      layout_loops_ring, old_standard_altar, minmay_temple_entry_junction

Skill      XL: |  1  2  3  4  5  6  7 |
---------------+----------------------+-----
Axes           | 3 4 5 |  5.9
Fighting       | 4 5 6 |  6.1
Shields        | 4 5 |  5.5
Armour         | 4 5 |  5.4

Action                   |  1- 3 |  4- 6 |  7- 9 || total
-------------------------+-------+-------+-------++-------
Melee: War axe           |    95 |   109 |       ||   204
       Morningstar       |       |     1 |    56 ||    57
Throw: Dart              |       |       |     4 ||     4
Invok: Convert to Beogh  |       |     1 |       ||     1
Evoke: Wand              |       |       |     1 ||     1
  Use: Scroll            |     3 |     8 |     2 ||    13
       Potion            |       |     3 |       ||     3
Armor: Scale mail        |    46 |    47 |       ||    93
       Ring mail         |       |       |    21 ||    21
Dodge: Dodged            |    51 |    55 |    30 ||   136
Block: Buckler           |    20 |    20 |    16 ||    56

Table legend: (Time is in decaauts)
 A = Elapsed time spent in this place.
 B = Non-inter-level travel time spent in this place.
 C = Inter-level travel time spent in this place.
 D = Time resting spent in this place.
 E = Time spent auto-exploring this place.
 F = Levels seen in this place.
 G = Mean time per level.
                   A        B        C        D        E       F      G
               +--------+--------+--------+--------+--------+-----+--------+
         Total |   5672 |   5438 |    234 |    688 |   3784 |   5 | 1134.4 |
       Dungeon |   5672 |   5438 |    234 |    688 |   3784 |   5 | 1134.4 |
               +--------+--------+--------+--------+--------+-----+--------+

Top non-repeatable levels by time:
     D:2: 1573 daAuts
     D:1: 1271 daAuts
     D:4: 1199 daAuts
     D:3: 1113 daAuts
     D:5: 515 daAuts
